Map: Terrasses de Prion

Players

DuMbeutel - Winner!

  • Race: Terran Terran
  • League: Diamond

Worming

  • Race: Zerg Zerg
  • League: Diamond

VOD

Have the link to the VOD?

Description

Time

  • Played on: Dec. 13, 2015, 9:32 a.m.
  • Length: 4:49
Show
View Real Time Build Order
Export as new Build Order

DuMbeutel Terran - Winner!

Build Orders:  

Get SALT Encoding   

  12  0:01  SCV  
  14  0:18  Supply Depot  
  13  0:23  Refinery  
  14  0:41  Barracks  
  13  0:48  Barracks  
  13  1:07  Barracks  
  13  1:14  SCV  
  14  1:29  Reaper  
  15  1:35  Supply Depot  
  15  1:40  Reaper  
  16  1:49  Refinery  
  16  1:56  Reaper  
  17  2:02  SCV  
  17  2:07  Reaper  
  19  2:18  Reaper  
  20  2:24  SCV  
  21  2:33  Reaper  
  22  2:40  Reaper  
  23  2:52  Reaper  
  24  3:05  Reaper  
  25  3:12  Reaper  
  26  3:13  Orbital Command  
  26  3:25  Reaper  
  27  3:37  Reaper  
  26  3:59  Reaper x2  
  26  4:01  SCV  
  29  4:09  Reaper  
  30  4:13  SCV  
  31  4:33  Supply Depot  
  31  4:34  Supply Depot  
Show
View Real Time Build Order
Export as new Build Order

Worming Zerg 

Build Orders: Hatch First 

Get SALT Encoding   

  12  0:01  Drone  
  13  0:12  Overlord  
  13  0:17  Drone  
  14  0:31  Drone x2  
  14  0:35  Drone  
  17  0:45  Drone  
  18  0:56  Hatchery  
  17  1:02  Drone  
  18  1:04  Extractor  
  17  1:18  Spawning Pool  
  16  1:19  Drone x2  
  18  1:29  Drone  
  19  1:41  Overlord  
  19  1:52  Drone  
  20  2:04  Zergling x2  
  20  2:05  Queen  
  23  2:09  Metabolic Boost  
  23  2:11  Queen  
  23  2:13  Zergling x4  
  27  2:26  Overlord  
  27  2:28  Drone  
  28  2:30  Extractor  
  28  2:38  Zergling x2  
  28  2:39  Zergling x2  
  28  2:44  Queen  
  29  2:51  Roach Warren  
  28  2:56  Zergling x6  
  29  3:08  Drone, Zergling x4  
  32  3:19  Queen  
  27  3:26  Zergling x6  
  28  3:30  Zergling x6  
  30  3:35  Roach  
  32  3:41  Roach  
  30  3:59  Queen  
  30  4:03  Drone x4  
  30  4:20  Zergling x4, Roach x2  
  30  4:21  Zergling x2  
  38  4:24  Zergling x2  
  34  4:32  Spine Crawler  
Tags
 
Add a new tag
Caveats
  • Supply blocks, unpowered buildings, or Contaminate may cause inaccurate times.
  • Supply counts are checked every 10 seconds.